 Dungeon Crawl Stone Soup version 0.29.1-2-gbd0b4ee654 (webtiles) character file.

Game seed: 14401091050791717336

1 jamesblauser the Conjurer (level 1, -1/14 HPs)
             Began as a Draconian Conjurer on Nov 10, 2022.
             Slain by a jackal (3 damage)
             ... on level 1 of the Dungeon.
             The game lasted 00:00:23 (38 turns).

jamesblauser the Conjurer (Draconian Conjurer)        Turns: 38, Time: 00:00:24

Health: -1/14      AC:  4    Str:  9    XL:     1   Next: 16%
Magic:  2/3        EV: 12    Int: 18    God:
Gold:   16         SH:  0    Dex:  9    Spells: 3/4 levels left

rFire   . . .      SeeInvis .   (no weapon)
rCold   . . .      Faith    .   (no shield)
rNeg    . . .      Spirit   .   (body armour unavailable)
rPois   .          Reflect  .   (helmet restricted)
rElec   .          Harm     .   (no cloak)
rCorr   .          Rampage  .   (no gloves)
Will    .....                   (no boots)
Stlth   ++........              (no amulet)
HPRegen 0.04/turn               (no ring)
MPRegen 0.08/turn               (no ring)

@: no status effects
A: AC +4, unfitting armour, cold-blooded
a: no special abilities


You were on level 1 of the Dungeon.
You visited 1 branch of the dungeon, and saw 1 of its levels.

You collected 16 gold pieces.

Inventory:

Potions
 a - a potion of magic


   Skills:
 + Level 1.7 Dodging
 + Level 1.7 Stealth
 + Level 2.1 Spellcasting
 + Level 4.0 Conjurations


You had 3 spell levels left.
You knew the following spells:

 Your Spells              Type           Power      Damage    Failure   Level
a - Magic Dart            Conj           64%        1d6       3%          1

Your spell library contained the following spells:

 Spells                   Type           Power      Damage    Failure   Level
 Searing Ray              Conj           32%        2d5       5%          2
 Dazzling Flash           Conj/Hex       18%        N/A       24%         3
 Fulminant Prism          Conj/Hex       4%         3d6       61%         4
 Iskenderun's Mystic Bla  Conj/Tloc      9%         2d4       61%         4


Dungeon Overview and Level Annotations

Branches:
Dungeon (1/15)

Altars:


Innate Abilities, Weirdness & Mutations

Your plain brown scales are hard. (AC +4)
You cannot fit into any form of body armour.
You are cold-blooded and may be slowed by cold attacks.


Message History

The bat misses you.
Aiming: Magic Dart (safe; 3% risk of failure)
Press: ? - help, Q - select action Shift-Dir - straight line, f - bat
Aim: a bat (100% to hit)
The magic dart hits the bat.
The bat is moderately wounded.
The bat barely misses you. x2
You closely miss the bat.
The bat is moderately wounded.
The bat closely misses you. The jackal bites you.
You closely miss the bat.
The bat is moderately wounded.
The bat barely misses you.
The jackal bites you but does no damage.
You barely miss the jackal. The bat barely misses you. x2
The jackal bites you but does no damage.
The jackal barely misses you.
You barely miss the jackal.
Your tail-slap misses the jackal.
The bat barely misses you. The jackal barely misses you. The jackal bites you.
The jackal barely misses you. x2
You closely miss the jackal. The jackal bites you.
The bat hits you but does no damage.
You hit the jackal but do no damage. The bat barely misses you.
The jackal bites you.
The jackal bites you but does no damage. x2
The jackal bites you. x2
* * * LOW HITPOINT WARNING * * *
The jackal closely misses you.
You barely miss the jackal. The bat hits you but does no damage.
The bat closely misses you.
The jackal bites you but does no damage.
The jackal barely misses you. The jackal closely misses you.
You barely miss the jackal. The bat hits you but does no damage.
The bat barely misses you. The jackal barely misses you. The jackal misses you.
The jackal bites you.
* * * LOW HITPOINT WARNING * * *
You barely miss the jackal. The bat misses you.
The jackal bites you but does no damage.
The jackal barely misses you. The jackal bites you.
You die...

..#...## ≈....... ..#
§≈....# #.# §§§...## #.#
§≈§≈≈..## #.# .§§..≈..##
#.# <§....≈..###.#
.....≈....##.#######.##.#
≈≈≈≈≈..##.......@hS.....#
......#####....bhhh......
.≈..........#######......
≈).########## ...... ...#
..... .#.# ..... .#.#
.... ##.# .... ##.#


You could see 4 jackals, a bat and a ball python.

Vanquished Creatures
  A ball python (D:1)
1 creature vanquished.

Notes
Turn   | Place    | Note
-------+----------+-------------------------------------------
     0 | D:1      | jamesblauser the Draconian Conjurer began the quest for the
                  | Orb.
     0 | D:1      | Reached XP level 1. HP: 14/14 MP: 3/3
    38 | D:1      | Slain by a jackal

Illustrated notes

Levels and vault maps discovered:
D:1:      ebering_trefoil_3fold, layout_loops_ring,
          dreamdust_ecumenical_altar_drowned_temple

Action                   || total
-------------------------++-------
Melee: Unarmed           ||    11
       Tailslap          ||     1
 Cast: Magic Dart        ||     1
Armor: Skin              ||    11
Dodge: Dodged            ||    24
